 Dungeon Crawl Stone Soup version 0.21.1-1-g345015f (webtiles) character file.

12 Mgcat the Vexing (level 2, -1/23 HPs)
             Began as a Gnoll Arcane Marksman on Feb 6, 2018.
             Slain by a leopard gecko (3 damage)
             ... on level 1 of the Dungeon.
             The game lasted 00:00:58 (256 turns).

Mgcat the Vexing (Gnoll Arcane Marksman)             Turns: 256, Time: 00:00:59

Health: -1/23      AC:  2    Str: 12    XL:     2   Next: 33%
Magic:  3/5        EV: 14    Int: 15    God:
Gold:   33         SH:  0    Dex: 15    Spells: 3/6 levels left

rFire    . . .     SeeInvis .   b - +0 dagger
rCold    . . .     Gourm    .   (no shield)
rNeg     . . .     Faith    .   e - +0 robe
rPois    .         Spirit   .   (no helmet)
rElec    .         Reflect  .   (no cloak)
rCorr    .         Harm     .   (no gloves)
MR       .....                  (no boots)
Stlth    ++........             k - amulet of inaccuracy (curse)
HPRegen  0.07/turn              (no ring)
MPRegen  0.09/turn              (no ring)

@: no status effects
A: distributed training, fangs 1, strong nose
a: no special abilities


You were on level 1 of the Dungeon.
You were not hungry.

You visited 1 branch of the dungeon, and saw 1 of its levels.

You collected 33 gold pieces.

Inventory:

Hand Weapons
 a - a +0 hunting sling
 b - a +0 dagger (weapon)
   (You took it off a goblin on level 1 of the Dungeon)
Missiles
 d - 37 sling bullets
Armour
 e - a +0 robe (worn)
Jewellery
 k - a cursed amulet of inaccuracy (around neck)
   (You found it on level 1 of the Dungeon)
Scrolls
 i - a scroll of magic mapping {unknown}
 l - a scroll of remove curse {unknown}
Potions
 h - a potion of cancellation {unknown}
 j - a potion of flight {unknown}
Books
 c - a book of Debilitation
Comestibles
 f - 4 rations
 g - 6 chunks of flesh {@w0}


   Skills:
 + Level 2.4 Fighting
 + Level 0.3 Short Blades
 + Level 0.3 Long Blades
 + Level 0.3 Axes
 + Level 0.3 Maces & Flails
 + Level 0.3 Polearms
 + Level 0.3 Staves
 + Level 4.4 Slings
 + Level 0.3 Bows
 + Level 0.3 Crossbows
 + Level 0.3 Throwing
 + Level 0.3 Armour
 + Level 4.4 Dodging
 + Level 0.3 Stealth
 + Level 0.3 Shields
 + Level 0.3 Unarmed Combat
 + Level 2.7 Spellcasting
 + Level 0.2 Conjurations
 + Level 5.3 Hexes
 + Level 0.2 Charms
 + Level 0.2 Summonings
 + Level 0.2 Necromancy
 + Level 0.2 Translocations
 + Level 0.2 Transmutations
 + Level 0.2 Fire Magic
 + Level 0.2 Ice Magic
 + Level 0.2 Air Magic
 + Level 0.2 Earth Magic
 + Level 0.2 Poison Magic
 + Level 0.4 Invocations
 + Level 0.3 Evocations


You had 3 spell levels left.
You knew the following spells:

 Your Spells              Type           Power        Failure   Level  Hunger
a - Corona                Hex            ###....      2%          1    #......
b - Slow                  Hex            ###.....     3%          2    ##.....


Dungeon Overview and Level Annotations

Branches:
Dungeon (1/15)

Altars:


Innate Abilities, Weirdness & Mutations

Your experience applies equally to all skills.
You have very sharp teeth.
Your uncanny sense of smell can sniff out nearby items.


Message History

The giant cockroach barely misses you. The giant cockroach bites you.
The kobold throws a stone.
The stone misses you. The giant cockroach bites you.
You hit the giant cockroach.
The giant cockroach is lightly wounded.
The giant cockroach barely misses you.
You hit the giant cockroach.
The giant cockroach is moderately wounded.
The giant cockroach closely misses you.
You closely miss the giant cockroach.
The giant cockroach is moderately wounded.
The giant cockroach barely misses you.
You hit the giant cockroach but do no damage.
The giant cockroach is moderately wounded.
The giant cockroach bites you.
You barely miss the giant cockroach. Your bite misses the giant cockroach.
The giant cockroach is moderately wounded.
The giant cockroach closely misses you. The giant cockroach misses you.
You hit the giant cockroach but do no damage.
Your bite misses the giant cockroach.
The giant cockroach is lightly wounded.
The giant cockroach barely misses you.
You closely miss the giant cockroach. Your bite misses the giant cockroach.
The giant cockroach is lightly wounded.
The giant cockroach misses you.
Cast which spell? (? or * to list)
Aiming: Corona
Press: ? - help, Shift-Dir - straight line, f - giant cockroach
Aim: a giant cockroach (lightly wounded, clinging, chance to defeat MR: 73%)
The giant cockroach is outlined in light.
The giant cockroach misses you.
You hit the giant cockroach.
The giant cockroach is severely wounded.
The giant cockroach barely misses you.
You hit the giant cockroach but do no damage.
The giant cockroach is severely wounded.
The giant cockroach bites you but does no damage.
The giant cockroach misses you.
You hit the giant cockroach.
You kill the giant cockroach!
The kobold barely misses you.
You completely miss the kobold. Your bite misses the kobold.
The kobold hits you but does no damage.
You hit the kobold.
The kobold is severely wounded.
The leopard gecko hisses menacingly.
The kobold completely misses you.
You miss the kobold.
The kobold is severely wounded.
The kobold hits you but does no damage.
You hit the kobold.
You kill the kobold!
You hit the leopard gecko.
The leopard gecko is moderately wounded.
The leopard gecko bites you.
The leopard gecko hisses menacingly.
The leopard gecko misses you.
Casting: Corona
Confirm with . or Enter, or press ? or * to list all spells.
Aiming: Corona
Press: ? - help, Shift-Dir - straight line, f - leopard gecko
Aim: a leopard gecko (moderately wounded, clinging, chance to defeat MR: 73%)
The leopard gecko barely resists.
The leopard gecko bites you but does no damage.
You miss the leopard gecko.
The leopard gecko is moderately wounded.
The leopard gecko closely misses you.
You hit the leopard gecko but do no damage.
The leopard gecko is moderately wounded.
The leopard gecko bites you but does no damage.
You miss the leopard gecko.
The leopard gecko is moderately wounded.
The leopard gecko misses you.
You miss the leopard gecko.
The leopard gecko is moderately wounded.
The leopard gecko misses you. The leopard gecko closely misses you.
You hit the leopard gecko.
The leopard gecko is almost dead.
The leopard gecko barely misses you.
Casting: Corona
Confirm with . or Enter, or press ? or * to list all spells.
Aiming: Corona
Press: ? - help, Shift-Dir - straight line, f/p - leopard gecko
Aim: a leopard gecko (almost dead, clinging, chance to defeat MR: 73%)
The leopard gecko is outlined in light.
The leopard gecko bites you but does no damage.
You hit the leopard gecko but do no damage.
The leopard gecko is almost dead.
The leopard gecko bites you.
You miss the leopard gecko.
The leopard gecko is almost dead.
The leopard gecko bites you.
* * * LOW HITPOINT WARNING * * *
You barely miss the leopard gecko.
The leopard gecko is almost dead.
The leopard gecko bites you.
* * * LOW HITPOINT WARNING * * *
The leopard gecko bites you.
You die...

#.. #.....#### #..#
##l....... #...#
##gK.....## #....##
##...#...#..
##.##..###..#.....# #.
..# #..#..##....(.. #.
#.# #.....g#....####
#. ##.###.#.##l##..##
###. #......#)##@# #.#
....##..#......#.....#
#.....).....###......
###.##.#.####>#
#...### #.)......# .#
...... ##.#......# ##
#.#.#.# .........##
#.#.#.# ........######
#.#...# ......#......#
#.#...#


You could see a leopard gecko and a hobgoblin.

Vanquished Creatures
  A bat (D:1)
  A giant cockroach (D:1)
  5 goblins (D:1)
  2 kobolds (D:1)
  2 rats (D:1)
11 creatures vanquished.

Notes
Turn   | Place    | Note
-------+----------+-------------------------------------------
     0 | D:1      | Mgcat the Gnoll Arcane Marksman began the quest for the Orb.
     0 | D:1      | Reached XP level 1. HP: 17/17 MP: 4/4
   176 | D:1      | Reached XP level 2. HP: 21/23 MP: 5/5
   185 | D:1      | Learned a level 2 spell: Slow
   255 | D:1      | HP: 5/23 [leopard gecko (2)]
   256 | D:1      | HP: 2/23 [leopard gecko (3)]
   256 | D:1      | Slain by a leopard gecko

Action                   || total
-------------------------++-------
Melee: Unarmed           ||    19
       Bite              ||     6
       Dagger            ||    41
 Fire: Hunting sling     ||     2
 Cast: Corona            ||     3
Armor: Robe              ||    20
Dodge: Dodged            ||    59

Vault maps used:
D:1:      eino_arrival_cavern_e, minmay_misc_feat_tiny,
          nemelex_diamond_rough_becter

Table legend:
 A = Turns spent in this place as a percentage of turns spent in the entire game.
 B = Non-inter-level travel turns spent in this place as a percentage of non-inter-level travel turns spent in the entire game.
 C = Inter-level travel turns spent in this place as a percentage of turns spent in this place.
 D = Turns resting spent in this place as a percentage of non-inter-level travel turns spent in this place.
 E = Turns spent auto-exploring this place as a percentage of non-inter-level travel turns spent in this place.
 F = Non-inter-level travel turns spent in this place divided by the number of levels of this place that you've seen.
                   A       B       C       D       E      F
               +-------+-------+-------+-------+-------+----------------------
         Total | 100.0 | 100.0 |   0.0 |   0.0 |  52.0 | 256.0
       Dungeon | 100.0 | 100.0 |   0.0 |   0.0 |  52.0 | 256.0
               +-------+-------+-------+-------+-------+----------------------

Table legend:
 A = Kills in this place as a percentage of kills in entire the game.
 B = Kills by you in this place as a percentage of kills by you in the entire game.
 C = Kills by friends in this place as a percentage of kills by friends in the entire game.
 D = Other kills in this place as a percentage of other kills in the entire game.
 E = Experience gained in this place as a percentage of experience gained in the entire game.
 F = Experience gained in this place divided by the number of levels of this place that you have seen.
                   A       B       C       D       E      F
               +-------+-------+-------+-------+-------+----------------------
         Total | 100.0 | 100.0 |   N/A |   N/A | 100.0 |  18.0
       Dungeon | 100.0 | 100.0 |   N/A |   N/A | 100.0 |  18.0
               +-------+-------+-------+-------+-------+----------------------
